 Dungeon Crawl Stone Soup version 0.30.1-11-g7821555f0a (webtiles) character file.

Game seed: 8432827070348829106

37 safid the Chiller (level 3, 0/27 HPs)
             Began as a Merfolk Ice Elementalist on Nov 15, 2023.
             Slain by Sigmund
             ... wielding a +4 scythe of venom
              (4 damage)
             ... on level 2 of the Dungeon.
             The game lasted 00:02:29 (1174 turns).

safid the Chiller (Merfolk Ice Elementalist)        Turns: 1174, Time: 00:02:29

Health: 0/27       AC:  3    Str:  8    XL:     3   Next: 41%
Magic:  6/6        EV: 12    Int: 16    God:
Gold:   67         SH:  0    Dex: 14    Spells: 3/7 levels left

rFire   . . .        e - +0 short sword
rCold   . . .        (no shield)
rNeg    . . .        a - +0 robe
rPois   .            g - +0 helmet
rElec   .            (no cloak)
rCorr   .            (no gloves)
SInv    .            (no boots)
Will    .....        (no amulet)
Stlth   ++           (no ring)
HPRegen 0.24/turn    (no ring)
MPRegen 0.10/turn

%: no passive effects
@: lethally poisoned (0 -> -8)
A: (nimble swimmer 2), mertail
a: no special abilities


You were on level 2 of the Dungeon.
You visited 1 branch of the dungeon, and saw 2 of its levels.

You collected 67 gold pieces.

Inventory:

Hand Weapons
 e - a +0 short sword (weapon)
Armour
 a - a +0 robe (worn)
 g - a +0 helmet (worn)
Jewellery
 j - an amulet of reflection
Scrolls
 c - 3 scrolls of identify {unknown}
 d - a scroll of noise {unknown}
 f - a scroll of fear {unknown}
 h - a scroll of teleportation {unknown}
 k - 2 scrolls of enchant weapon {unknown}
Potions
 b - a potion of magic
 i - a potion of degeneration {unknown}


   Skills:
 + Level 1.7 Fighting
 - Level 2.6 Dodging
 - Level 2.1 Stealth
 + Level 2.5 Spellcasting
 + Level 4.8 Ice Magic


You had 3 spell levels left.
You knew the following spells:

 Your Spells              Type           Power      Damage    Failure   Level
a - Freeze                Ice            68%        1d8       2%          1
b - Frozen Ramparts       Ice            34%        1d6       8%          3

Your spell library contained the following spells:

 Spells                   Type           Power      Damage    Failure   Level
 Ozocubu's Armour         Ice            17%        N/A       8%          3
 Summon Ice Beast         Ice/Summ       9%         N/A       58%         4


Dungeon Overview and Level Annotations

Branches:
Dungeon (2/15)

Altars:

Annotations:
D:2 Sigmund


Innate Abilities, Weirdness & Mutations

((You are very nimble when in or above water. (Stealth+, EV+, Speed+++)))
Your lower body shifts to a powerful aquatic tail in water.


Message History

The ball python bites you but does no damage.
The ball python constricts you. The ball python bites you.
The ball python constricts you.
You hit the ball python.
You kill the ball python!
No target in view!
No target in view!
c - 3 scrolls labelled UCSUXTAERI (gained 1)
You see here a ball python corpse.
k - 2 scrolls labelled IZXUYF MUENOIN Sigmund and a goblin come into view.
Sigmund is wielding a +4 scythe of venom.
Found a stone staircase leading up.
The goblin shouts!
The goblin unwields a +0 club.
The goblin wields a +0 sling.
The goblin shoots a sling bullet.
The sling bullet misses you.
There are monsters nearby!
Sigmund mumbles some strange words.
Sigmund flickers and vanishes!
Deactivating autopickup; reactivate with Ctrl-A.
The goblin shoots a sling bullet.
The goblin shoots a sling bullet.
The sling bullet barely misses you.
A magic dart appears from out of thin air!
The magic dart hits you!
A goblin is nearby!
Casting: Freeze (safe; 2% risk of failure)
Confirm with . or Enter, or press ? or * to list all spells.
Okay, then.
Something hits you.
The goblin shoots a sling bullet.
The sling bullet hits you.
The goblin shoots a sling bullet.
The sling bullet closely misses you. Something hits you.
* * * LOW HITPOINT WARNING * * *
You are lethally poisoned!
You barely miss something.
* * * LOW HITPOINT WARNING * * *
You feel very sick.
The goblin shoots a sling bullet.
The sling bullet barely misses you. Something hits you.
You die...

..#....#####......# #.#
....#..........##.# #.#
##..#.......##.##.###.#######
....#.......##.##............
#...........##.######.#######
#..............#......####
#...............<........#
#.......#.#.########..##.#
#...g...#....g..@..#..##.#
#.<..{..#.####.###.#..##.#
#.......#......# #.#..##†#
#.......#.###### #.#..##.#
#.......#.# #.#..##.#
#.......#.# #.#..##.#
#.......#.########.......#
#.............####
#############.#


You could see a goblin.

Vanquished Creatures
  6 ball pythons
  2 bats (D:1)
  8 endoplasms
  2 goblins (D:1)
  2 hobgoblins (D:1)
  6 kobolds (D:1)
  2 quokkas (D:1)
  3 frilled lizards (D:1)
  2 rats (D:1)
33 creatures vanquished.

Notes
Turn   | Place    | Note
-------+----------+-------------------------------------------
     0 | D:1      | safid the Merfolk Ice Elementalist began the quest for the
                  | Orb.
     0 | D:1      | Reached XP level 1. HP: 13/13 MP: 3/3
   192 | D:1      | Reached XP level 2. HP: 18/20 MP: 1/5
   205 | D:1      | Reached skill level 1 in Fighting
   514 | D:1      | Reached XP level 3. HP: 23/26 MP: 3/6
   518 | D:1      | Learned a level 3 spell: Frozen Ramparts
  1157 | D:2      | Noticed Sigmund
  1174 | D:2      | Slain by Sigmund

Illustrated notes

Levels and vault maps discovered:
D:1:      amcnicky_arrival_double_pillar, layout_loops_ring
D:2:      layout_basic, minivault_26, uniq_sigmund

Skill      XL: |  1  2 |
---------------+-------+-----
Fighting       | 1 |  1.7
Dodging        | |  2.6
Stealth        | |  2.1
Spellcasting   | |  2.5
Ice Magic      | |  4.8

Action                     || total
---------------------------++-------
  Melee: Short sword       ||    55
         Unarmed           ||     2
         Punch             ||     1
   Cast: Freeze            ||    23
   Stab: Sleeping          ||     4
 Armour: Robe              ||    17
  Dodge: Dodged            ||    39
